 Dungeon Crawl Stone Soup version 0.29.1-13-g9f3cf754e1 (webtiles) character file.

Game seed: 8947240201399505324

1869 Rikuski the Covert (level 8, -3/37 HPs)
             Began as a Spriggan Brigand on Feb 1, 2023.
             Was a Follower of Uskayaw.
             Engulfed by a steam dragon's steam (6 damage)
             ... on level 7 of the Dungeon.
             The game lasted 00:58:40 (9829 turns).

Rikuski the Covert (Spriggan Brigand)               Turns: 9829, Time: 00:58:41

Health: -3/37      AC:  3    Str:  3    XL:     8   Next: 90%
Magic:  9/9        EV: 23    Int: 12    God:    Uskayaw [*.....]
Gold:   312        SH:  0    Dex: 23    Spells: 7/7 levels left

rFire   . . .      SeeInvis +   a - +2 dagger
rCold   . . .      Faith    .   (no shield)
rNeg    . . .      Spirit   .   b - +0 robe
rPois   .          Reflect  .   (helmet restricted)
rElec   +          Harm     .   K - +0 cloak of the Thistle {Fly rElec Str-4 Dex+4}
rCorr   .          Rampage  .   (gloves unavailable)
Will    +....                   (boots unavailable)
Stlth   ++++++....              y - amulet of regeneration
HPRegen 0.92/turn               (no ring)
MPRegen 0.11/turn               (no ring)

@: flying, very quick
A: very small, no large weapons, unfitting armour, see invisible, speed 3
a: Renounce Religion, Stomp


You were on level 7 of the Dungeon.
You worshipped Uskayaw.
Uskayaw was noncommittal.
You visited 2 branches of the dungeon, and saw 8 of its levels.

You collected 312 gold pieces.

Inventory:

Hand Weapons
 a - a +2 dagger (weapon)
 q - a +0 whip
 u - a +2 scythe of protection
 D - a +3 vorpal dire flail
Missiles
 d - 11 poisoned darts
 i - 24 stones (quivered)
 s - 4 large rocks
 F - 2 curare-tipped darts
 H - 2 boomerangs
Armour
 b - a +0 robe (worn)
 c - a +0 cloak
 e - a +1 ring mail of fire resistance
 h - a +0 pair of gloves
 C - the +0 leather armour "Kedwab" {Dex+5 Slay+2 SInv}
   (You found it on level 5 of the Dungeon)

   Dex:       It affects your dexterity (+5).
   Slay:      It affects your accuracy & damage with ranged weapons and melee
   (+2).
   SInv:      It lets you see invisible.
 E - a +0 ring mail of cold resistance
 K - the +0 cloak of the Thistle (worn) {Fly rElec Str-4 Dex+4}
   (You found it on level 6 of the Dungeon)

   Str:       It affects your strength (-4).
   Dex:       It affects your dexterity (+4).
   rElec:     It insulates you from electricity.
   Fly:       It grants you flight.
Jewellery
 p - an amulet of faith
 y - an amulet of regeneration (around neck)
Wands
 m - a wand of mindburst (7)
 v - a wand of flame (12)
 N - a wand of polymorph (2)
 O - a wand of digging (5)
Scrolls
 g - 7 scrolls of identify {unknown}
 o - a scroll of summoning {unknown}
 r - 4 scrolls of teleportation {unknown}
 t - a scroll of silence {unknown}
 w - 3 scrolls of fear {unknown}
 x - 5 scrolls of amnesia {unknown}
 B - 2 scrolls of noise {unknown}
 I - a scroll of enchant weapon {unknown}
 L - a scroll of vulnerability {unknown}
 M - 2 scrolls of poison {unknown}
Potions
 f - 2 potions of magic {unknown}
 j - 2 potions of brilliance {unknown}
 k - a potion of invisibility {unknown}
 l - 3 potions of curing {unknown}
 n - 2 potions of might
 z - 2 potions of attraction
 A - a potion of heal wounds {unknown}
 G - a potion of flight {unknown}
 J - a potion of resistance {unknown}


   Skills:
 - Level 1.6 Fighting
 + Level 6.1 Short Blades
 - Level 5.0 Throwing
 + Level 6.9 Dodging
 * Level 12.8 Stealth


You had 7 spell levels left.
You didn't know any spells.
Your spell library contained the following spells:

 Spells                   Type           Power      Damage    Failure   Level
 Beastly Appendage        Tmut           0%         N/A       32%         1
 Sublimation of Blood     Necr           0%         N/A       45%         2
 Wereblood                Tmut           0%         N/A       45%         2
 Spider Form              Tmut/Pois      0%         N/A       69%         3
 Summon Guardian Golem    Hex/Summ       0%         N/A       69%         3
 Orb of Destruction       Conj           0%         9d5       100%        7
 Spellforged Servitor     Conj/Summ      0%         N/A       100%        7
 Summon Hydra             Summ           0%         N/A       100%        7


Dungeon Overview and Level Annotations

Branches:
Dungeon (7/15)             Temple (1/1) D:6

Altars:
Ashenzari
Cheibriados
Dithmenos
Elyvilon
Hepliaklqana
Kikubaaqudgha
Makhleb
Qazlal
Ru
Sif Muna
Trog
Uskayaw
Wu Jian
Zin
The Shining One

Shops:
D:6 =

Annotations:
D:3 Natasha
D:5 2 transporters, Smersh616's ghost, weakling TrDe


Innate Abilities, Weirdness & Mutations

You are very small and have problems with some larger weapons.
You are too small for most types of armour.
You have supernaturally acute eyesight. (SInv)
You cover ground extremely quickly. (Speed+++)


Message History

The steam dragon breathes steam at you. The ball of steam hits you!
* * * LOW HITPOINT WARNING * * *
There is a stone staircase leading up here.
You fly upwards.
There is a stone staircase leading down here.
You start resting.
HP restored.
There is a stone staircase leading down here.
You fly downwards.
There is a stone staircase leading up here.
You hit the steam dragon.
The steam dragon is moderately wounded.
The steam dragon bites you. The steam dragon claws you.
You hit the steam dragon.
The steam dragon is moderately wounded.
You hit the steam dragon but do no damage.
The steam dragon is moderately wounded.
The steam dragon breathes steam at you. The ball of steam hits you!!
Ouch! That really hurt!
* * * LOW HITPOINT WARNING * * *
You hear an angry hiss.
You are too injured to fight recklessly!
You are too injured to fight recklessly!
You are engulfed in a cloud of scalding steam.
* * * LOW HITPOINT WARNING * * *
You are engulfed in a cloud of scalding steam.
* * * LOW HITPOINT WARNING * * *
There is a stone staircase leading up here.
A wyvern comes into view.
Found a club.
You are engulfed in a cloud of scalding steam.
* * * LOW HITPOINT WARNING * * *
The steam dragon breathes steam at you. The ball of steam misses you.
There is a stone staircase leading up here.
You can't go down here!
You are engulfed in a cloud of scalding steam.
You die...

#.###.........#. ). ##.
#.......##....## ..#
#..####..#....#....#.
...##...#....#...#.......
......#..................
......##.................
..........§..............
..§§.............#.......
...§..§.@D.....#.#.......
..§§..........##.##....#>
..............#.....#.###
..............##.......#.
..............##......##.
..l............#......#..
..#............##..#....#
.##.....................#
......................#


You could see a steam dragon (catching breath) and a wyvern.

Vanquished Creatures
  Grinder (D:3)
  Sigmund (D:3)
  Edmund (D:5)
  Menkaure (D:5)
  A water moccasin (D:5)
  4 ice beasts
  2 sky beasts (D:6)
  An ogre (D:4)
  2 bullfrogs
  A scorpion (D:6)
  2 hounds
  An orc priest (D:3)
  Natasha (D:3)
  3 iguanas
  2 adders (D:2)
  2 shadow imps (D:5)
  3 white imps
  3 worms
  A dart slug (D:2)
  18 orcs
  4 bats
  6 endoplasms
  4 giant cockroaches
  8 hobgoblins
  4 jackals (D:1)
  A quokka (D:1)
  5 ball pythons
  2 frilled lizards (D:2)
  8 goblins
  6 kobolds
  8 rats
107 creatures vanquished.

Vanquished Creatures (others)
  10 plants
10 creatures vanquished.

Grand Total: 117 creatures vanquished

Notes
Turn   | Place    | Note
-------+----------+-------------------------------------------
     0 | D:1      | Rikuski the Spriggan Brigand began the quest for the Orb.
     0 | D:1      | Reached XP level 1. HP: 10/10 MP: 2/2
    40 | D:1      | Found a faded altar of an unknown god.
    46 | D:1      | Prayed at the altar of an unknown god.
    46 | D:1      | Became a worshipper of Uskayaw the Reveller
    46 | D:1      | Reached * piety under Uskayaw
    62 | D:1      | Reached ** piety under Uskayaw
   122 | D:1      | Reached skill level 6 in Stealth
   295 | D:1      | Reached XP level 2. HP: 14/14 MP: 3/3
   396 | D:1      | Reached *** piety under Uskayaw
  1442 | D:2      | Reached XP level 3. HP: 15/18 MP: 4/4
  2219 | D:3      | Found a hazy altar of Hepliaklqana.
  2223 | D:3      | Noticed Sigmund
  2238 | D:3      | Killed Sigmund
  2239 | D:3      | Reached skill level 8 in Stealth
  2239 | D:3      | Reached XP level 4. HP: 22/22 MP: 5/5
  2239 | D:3      | Reached XP level 5. HP: 25/25 MP: 6/6
  2305 | D:3      | Noticed Grinder
  2313 | D:3      | Killed Grinder
  2314 | D:3      | Reached skill level 9 in Stealth
  2314 | D:3      | Reached XP level 6. HP: 30/30 MP: 7/7
  3377 | D:3      | Noticed Natasha
  3380 | D:3      | Killed Natasha
  3643 | D:3      | Noticed Natasha
  4471 | D:4      | Reached XP level 7. HP: 33/33 MP: 8/8
  5092 | D:4      | Found a glowing golden altar of the Shining One.
  5917 | D:5      | Entered Level 5 of the Dungeon
  5955 | D:5      | Identified the +0 leather armour "Kedwab" {Dex+5 Slay+2
                  | SInv}
  6007 | D:5      | Noticed Edmund
  6094 | D:5      | Noticed Smersh616's ghost (weakling TrDe)
  6171 | D:5      | Killed Edmund
  6172 | D:5      | Reached skill level 5 in Dodging
  6172 | D:5      | Reached skill level 10 in Stealth
  6412 | D:5      | HP: 1/33 [poisoned by a water moccasin]
  6639 | D:5      | Found a transporter.
  6877 | D:5      | Noticed Menkaure
  6893 | D:5      | Killed Menkaure
  6894 | D:5      | Reached skill level 5 in Short Blades
  6894 | D:5      | Reached XP level 8. HP: 21/37 MP: 9/9
  7186 | D:5      | Found a broken altar of Ashenzari.
  7515 | D:5      | Reached skill level 11 in Stealth
  7861 | D:5      | Found a transporter.
  8525 | D:6      | Reached skill level 5 in Throwing
  8692 | D:6      | Identified the +0 cloak of the Thistle {Fly rElec Str-4
                  | Dex+4}
  8809 | D:6      | Reached skill level 12 in Stealth
  8862 | D:6      | Found a staircase to the Ecumenical Temple.
  8974 | Temple   | Entered the Ecumenical Temple
  9322 | D:6      | Found Joptup's Jewellery Emporium.
  9711 | D:7      | Found a snail-covered altar of Cheibriados.
  9829 | D:7      | Engulfed by a steam dragon's steam

Illustrated notes

Levels and vault maps discovered:
D:1:      lemuel_arrival_lava_pool, layout_basic,
          hellmonk_ecumenical_altar_leap_of_faith
D:2:      layout_loops_ring
D:3:      layout_loops_cross, nicolae_hepliaklqana_hazy_memory, uniq_natasha,
          uniq_grinder, uniq_sigmund
D:4:      layout_loops_corners, mainiacjoe_overflow_paths, corexii_shack,
          minmay_goblin_kobold_house
D:5:      layout_basic, ashenzari_conservatory_becter,
          gammafunk_ghost_abyssal_escape, dreamdust_princess_bridge,
          hangedman_decor_peaks_small, uniq_edmund, uniq_menkaure
D:6:      layout_loops_ring, minmay_temple_entry_nine_rooms, serial_shops,
          kennysheep_mini
D:7:      layout_cave_pools, amcnicky_altar_gilded,
          mainiacjoe_overflow_brackets, mainiacjoe_overflow_two_lobes
Temple:   dpeg_chambers_temple

Skill      XL: |  1  2  3  4  5  6  7  8 |
---------------+-------------------------+-----
Stealth        | 6 8 9 10 12 | 12.8
Dodging        | 2 3 4 5 6 |  6.9
Short Blades   | 3 4 5 6 |  6.1
Throwing       | 3 4 5 |  5.0
Fighting       | |  1.6

Action                   |  1- 3 |  4- 6 |  7- 9 || total
-------------------------+-------+-------+-------++-------
Melee: Dagger            |   119 |    85 |   383 ||   587
       Punch             |     2 |     1 |     3 ||     6
Throw: Dart              |     2 |       |    32 ||    34
       Stone             |       |       |    30 ||    30
  Use: Potion            |     1 |       |       ||     1
 Stab: Sleeping          |    11 |     6 |    17 ||    34
       Distracted        |     1 |     2 |     2 ||     5
       Paralysed         |     1 |       |     1 ||     2
Armor: Robe              |    16 |     6 |    25 ||    47
Dodge: Dodged            |    89 |    38 |   190 ||   317
